 Dungeon Crawl Stone Soup version 0.30-a0-912-ge10d75a369 (webtiles) character file.

Game seed: 3992900657397293342

32 Conn the Firebug (level 3, -1/23 HPs)
             Began as an Octopode Fire Elementalist on Mar 19, 2023.
             Slain by Sigmund
             ... wielding a +7 scythe of flaming
              (16 damage)
             ... on level 2 of the Dungeon.
             The game lasted 00:02:09 (1421 turns).

Conn the Firebug (Octopode Fire Elementalist)       Turns: 1421, Time: 00:02:09

Health: -1/23      AC:  1    Str:  7    XL:     3   Next: 25%
Magic:  6/6        EV: 18    Int: 19    God:
Gold:   54         SH:  0    Dex: 12    Spells: 5/6 levels left

rFire   . . .      SeeInvis .    d - +1 dagger (speed)
rCold   . . .      Faith    .    (no shield)
rNeg    . . .      Spirit   .    (helmet restricted)
rPois   .          Reflect  .    (no amulet)
rElec   .          Rampage  .    b - +5 ring of evasion
rCorr   .                        (no ring)
Will    .....                    (no ring)
Stlth   +++                      (no ring)
HPRegen 0.23/turn                (no ring)
MPRegen 0.10/turn                (no ring)
                                 (no ring)
                                 (no ring)

@: no status effects
A: almost no armour, amphibious, 8 rings, camouflage 1, gelatinous body 1,
(nimble swimmer 1), tentacles
a: no special abilities


You were on level 2 of the Dungeon.
You visited 1 branch of the dungeon, and saw 2 of its levels.

You collected 54 gold pieces.

Inventory:

Hand Weapons
 d - a +1 dagger of speed (weapon)
 e - a +0 falchion
Jewellery
 b - a +5 ring of evasion (left tentacle)
Scrolls
 c - 3 scrolls of identify {unknown}
 f - a scroll of enchant armour {unknown}
 h - a scroll of immolation {unknown}
 i - a scroll of poison {unknown}
 k - 2 scrolls of teleportation {unknown}
 l - a scroll of blinking {unknown}
 n - a scroll of vulnerability {unknown}
 o - a scroll of magic mapping {unknown}
Potions
 a - a potion of magic
 g - 2 potions of lignification {unknown}
 j - 2 potions of curing {unknown}
 m - a potion of attraction {unknown}


   Skills:
 * Level 1.3 Fighting
 + Level 0.1 Short Blades
 * Level 2.2 Dodging
 + Level 2.9 Stealth
 + Level 2.2 Spellcasting
 + Level 1.0 Conjurations
 + Level 3.4 Fire Magic


You had 5 spell levels left.
You knew the following spells:

 Your Spells              Type           Power      Damage    Failure   Level
a - Foxfire               Conj/Fire      40%        2x1d6     7%          1

Your spell library contained the following spells:

 Spells                   Type           Power      Damage    Failure   Level
 Scorch                   Fire           30%        2d7       6%          2
 Inner Flame              Hex/Fire       8%         N/A       24%         3
 Kindle Blastsparks       Fire/Tloc/Air  12%        2d11      30%         3
 Flame Wave               Conj/Fire      10%        2d6       54%         4
 Summon Cactus Giant      Summ           1%         N/A       100%        6


Dungeon Overview and Level Annotations

Branches:
Dungeon (2/15)

Altars:

Shops:
D:1 *

Annotations:
D:2 Sigmund


Innate Abilities, Weirdness & Mutations

You cannot wear most types of armour.
You are amphibious.
You can wear up to eight rings at the same time.
Your skin changes colour to match your surroundings (Stealth+).
Your rubbery body absorbs attacks. (AC +1, EV +1)
((You are camouflaged when in or above water. (Stealth+)))
You have tentacles for arms and can constrict up to eight enemies at once.


Message History

The jackal misses you.
You hit the jackal.
You kill the jackal!
You see here a jackal corpse.
You now have 46 gold pieces (gained 8).
You now have 54 gold pieces (gained 8).
You enter the shallow water.
You enter the shallow water.
You enter the shallow water.
You enter the shallow water.
c - 3 scrolls labelled JOASIC ZAPLY (gained 1)
A dart slug comes into view.
You hit the dart slug. You grab the dart slug.
The dart slug is lightly wounded.
You constrict the dart slug. The dart slug barely misses you.
You hit the dart slug.
The dart slug is heavily wounded.
You constrict the dart slug. You hit the dart slug.
You kill the dart slug!
Found a scroll labelled SUYBBO HAOS.
You see here a dart slug corpse.
Found a stone staircase leading down.
o - a scroll labelled SUYBBO HAOS Sigmund the Dreaded comes into view.
He is wielding a +7 scythe of flaming and wearing a +1 robe of willpower.
The helpless Sigmund fails to defend himself.
You puncture Sigmund! You grab Sigmund.
Sigmund is heavily wounded.
You constrict Sigmund. Sigmund gestures at you while chanting.
The magic dart hits you!
Unknown command.
Unknown command.
Unknown command.
You hit Sigmund.
Sigmund is heavily wounded.
You constrict Sigmund.
Sigmund hits you with a +7 scythe of flaming!
Ouch! That really hurt!
You die...

.### #.# #.# .# #.#
#######.# .#
#.#########.......# .#
#...........#####.# .#
############# #.# .#
##.## #####...#
##############.....#..
..#..@@........#.#...#
#.#.##########...##.##
#.#.#...............#
#
#.#.#.#######.#.###.##
# #.#.#.# #.#.# #... #
#.#.#.#######.#.# ####
# #.............#.# #
###.#.#########.# #
#.#..# #.#


You could see Sigmund.

Vanquished Creatures
  A dart slug (D:2)
  A ball python (D:2)
  2 bats
  An endoplasm (D:1)
  4 giant cockroaches
  3 goblins
  5 jackals (D:2)
  2 quokkas (D:1)
  2 frilled lizards (D:1)
  2 kobolds (D:1)
  2 rats (D:1)
25 creatures vanquished.

Vanquished Creatures (others)
  31 foxfires
  13 plants (D:2)
44 creatures vanquished.

Grand Total: 69 creatures vanquished

Notes
Turn   | Place    | Note
-------+----------+-------------------------------------------
     0 | D:1      | Conn the Octopode Fire Elementalist began the quest for the
                  | Orb.
     0 | D:1      | Reached XP level 1. HP: 11/11 MP: 3/3
    19 | D:1      | Found a faded altar of an unknown god.
   262 | D:1      | Found Secegh's General Store.
   331 | D:1      | Reached XP level 2. HP: 18/18 MP: 1/5
  1197 | D:2      | Reached skill level 1 in Fighting
  1239 | D:2      | Reached XP level 3. HP: 23/23 MP: 3/6
  1417 | D:2      | Noticed Sigmund
  1421 | D:2      | Slain by Sigmund

Illustrated notes

Levels and vault maps discovered:
D:1:      dpeg_arrival_court, layout_basic, serial_shops,
          nicolae_lakefront_shop, ebering_ecumenical_altar_ruins
D:2:      layout_loops_ring, serial_bayou_crossing, uniq_sigmund

Skill      XL: |  1  2 |
---------------+-------+-----
Fighting       | 1 |  1.3
Short Blades   | |  0.1
Dodging        | |  2.2
Stealth        | |  2.9
Spellcasting   | |  2.2
Conjurations   | |  1.0
Fire Magic     | |  3.4

Action                     || total
---------------------------++-------
  Melee: Dagger            ||    22
         Tentacles         ||     6
         Constrict         ||     5
   Cast: Foxfire           ||    19
   Stab: Sleeping          ||     6
 Armour: Skin              ||     1
  Dodge: Dodged            ||    14

Table legend: (Time is in decaauts)
 A = Elapsed time spent in this place.
 B = Non-inter-level travel time spent in this place.
 C = Inter-level travel time spent in this place.
 D = Time resting spent in this place.
 E = Time spent auto-exploring this place.
 F = Levels seen in this place.
 G = Mean time per level.
                   A        B        C        D        E       F      G
               +--------+--------+--------+--------+--------+-----+--------+
         Total |   1412 |   1388 |     24 |      0 |   1129 |   2 |  706.0 |
       Dungeon |   1412 |   1388 |     24 |      0 |   1129 |   2 |  706.0 |
               +--------+--------+--------+--------+--------+-----+--------+

Top non-repeatable levels by time:
     D:1: 910 daAuts
     D:2: 502 daAuts
